 Dungeon Crawl Stone Soup version 0.31-a0-1008-g5b978dac0e (webtiles) character file.

Game seed: 3149468068565290607

60 Arezz the Blocker (level 4, -1/32 HPs)
             Began as a Gnoll Wanderer on Nov 13, 2023.
             Slain by Crazy Yiuf
             ... wielding a +2 quarterstaff of chaos
              (7 damage)
             ... on level 3 of the Dungeon.
             The game lasted 00:08:00 (2266 turns).

Arezz the Blocker (Gnoll Wanderer)                  Turns: 2266, Time: 00:08:00

Health: -1/32      AC:  8    Str: 10    XL:     4   Next: 4%
Magic:  0/5        EV: 12    Int:  7    God:
Gold:   141        SH:  8    Dex: 17    Spells: 5/5 levels left

rFire   . . .        a - +0 dagger
rCold   + . .        d - +2 buckler
rNeg    . . .        f - +0 leather armour
rPois   .            p - +0 helmet
rElec   .            (no cloak)
rCorr   .            m - +3 pair of gloves of the Hecatoncheires {rC+ Will+ Str-2 Stlth+}
SInv    .            (no boots)
Will    +....        i - amulet of guardian spirit
Stlth   +++          (no ring)
HPRegen 0.25/turn    (no ring)
MPRegen 0.09/turn

%: guardian spirit
@: no status effects
A: fangs 1, strong nose, distributed training
a: no special abilities


You were on level 3 of the Dungeon.
You visited 1 branch of the dungeon, and saw 3 of its levels.

You collected 141 gold pieces.

Inventory:

Hand Weapons
 a - a +0 dagger (weapon)
Armour
 d - a +2 buckler (worn)
 f - a +0 leather armour (worn)
 m - the +3 pair of gloves of the Hecatoncheires (worn) {rC+ Will+ Str-2 Stlth+}
   (You found it on level 3 of the Dungeon)

   Str-2:     It affects your strength (-2).
   rC+:       It protects you from cold.
   Will+:     It increases your willpower.
   Stlth+:    It makes you more stealthy.
 p - a +0 helmet (worn)
Jewellery
 i - an amulet of guardian spirit (around neck)
 o - a ring of fire
 q - an amulet of reflection
Scrolls
 b - 2 scrolls of teleportation
 e - a scroll of fog
 j - 2 scrolls of identify
Potions
 g - 4 potions of heal wounds
 h - 2 potions of attraction
 k - a potion of might
 l - 3 potions of ambrosia
 n - a potion of brilliance {unknown}
 r - a potion of mutation {unknown}


   Skills:
 + Level 1.0 Fighting
 + Level 1.0 Short Blades
 + Level 1.0 Long Blades
 + Level 1.0 Axes
 + Level 1.0 Maces & Flails
 + Level 1.0 Polearms
 + Level 1.0 Staves
 + Level 1.0 Ranged Weapons
 + Level 6.6 Throwing
 + Level 2.7 Armour
 + Level 2.7 Dodging
 + Level 1.0 Stealth
 + Level 8.5 Shields
 + Level 2.7 Unarmed Combat
 + Level 1.0 Spellcasting
 + Level 0.8 Conjurations
 + Level 0.8 Hexes
 + Level 0.8 Summonings
 + Level 0.8 Necromancy
 + Level 0.8 Translocations
 + Level 0.8 Transmutations
 + Level 0.8 Fire Magic
 + Level 0.8 Ice Magic
 + Level 0.8 Air Magic
 + Level 0.8 Earth Magic
 + Level 0.8 Poison Magic
 + Level 1.1 Invocations
 + Level 1.0 Evocations
 + Level 1.0 Shapeshifting


You had 5 spell levels left.
You didn't know any spells.
Your spell library contained the following spells:

 Spells                   Type           Power      Damage    Failure   Level
 Malign Gateway           Summ/Tloc      0%         N/A       100%        7
 Summon Horrible Things   Summ           0%         N/A       100%        8


Dungeon Overview and Level Annotations

Branches:
Dungeon (3/15)

Altars:
Nemelex Xobeh

Annotations:
D:3 Crazy Yiuf


Innate Abilities, Weirdness & Mutations

You have very sharp teeth.
Your uncanny sense of smell can sniff out nearby items.
Your experience applies equally to all skills.


Message History

You throw a poisoned dart.
The poisoned dart completely misses Crazy Yiuf.
You block Crazy Yiuf's attack.
You throw a poisoned dart.
The poisoned dart closely misses Crazy Yiuf.
You block Crazy Yiuf's attack.
You throw a poisoned dart. The poisoned dart hits Crazy Yiuf!
Crazy Yiuf is poisoned.
Crazy Yiuf is lightly wounded.
You block Crazy Yiuf's attack.
You throw a poisoned dart. The poisoned dart hits Crazy Yiuf.
Crazy Yiuf looks even sicker.
Crazy Yiuf is lightly wounded.
You hit Crazy Yiuf but do no damage.
Crazy Yiuf is lightly wounded.
You block Crazy Yiuf's attack.
Crazy Yiuf says, "Pitchfork koolooloo sing-song!"
Crazy Yiuf hits you but does no damage.
You hit Crazy Yiuf but do no damage.
Crazy Yiuf is lightly wounded.
You barely miss Crazy Yiuf. You bite Crazy Yiuf.
Crazy Yiuf is moderately wounded.
Crazy Yiuf hits you with a +2 quarterstaff of chaos.
Space warps horribly around you!!
Ouch! That really hurt!
* * * LOW HITPOINT WARNING * * *
Crazy Yiuf says, "Aardvark!
Papa bag stair."
Crazy Yiuf closely misses you.
You are too injured to fight recklessly!
You are too injured to fight recklessly!
Throw: dart (poison)
Press: ? - help, Q - select action Shift-Dir - straight line, f/p - Crazy Yiuf
Aim: Crazy Yiuf, wielding a +2 quarterstaff of chaos and wearing a +0 cloak (moderately wounded, very poisoned, 64% to hit)
You throw a poisoned dart.
The poisoned dart completely misses Crazy Yiuf.
You are too injured to fight recklessly!
You hit Crazy Yiuf.
Crazy Yiuf is heavily wounded.
Crazy Yiuf hits you with a +2 quarterstaff of chaos!
You die...

##### #)(.#
#...# #.g.#
###### #@#
##....# ###
♣.♣♣ ...##.#
#.# ♣♣.♣
##....# ##.#
♣.♣♣ #.####
#..# ♣♣.♣
##.######.##
♣♣.♣♣
#.........#
♣♣.♣.♣
....#######
♣....♣ ..###
#....#


You could see Crazy Yiuf (very poisoned).

Vanquished Creatures
  An adder (D:3)
  2 worms
  2 orcs (D:3)
  4 bats
  4 endoplasms
  4 goblins
  4 hobgoblins (D:1)
  2 jackals (D:1)
  3 kobolds
  2 quokkas (D:3)
  5 ball pythons (D:1)
  3 frilled lizards
  3 rats
39 creatures vanquished.

Notes
Turn   | Place    | Note
-------+----------+-------------------------------------------
     0 | D:1      | Arezz the Gnoll Wanderer began the quest for the Orb.
     0 | D:1      | Arezz set off with the following items: a +0 dagger, a
                  | scroll of teleportation, 12 poisoned darts, a +2 buckler, a
                  | scroll of fog, a +0 leather armour.
     0 | D:1      | Reached XP level 1. HP: 13/13 MP: 1/1
    87 | D:1      | Reached XP level 2. HP: 18/19 MP: 2/2
   739 | D:1      | Reached XP level 3. HP: 24/25 MP: 3/3
  1574 | D:3      | Reached skill level 1 in Invocations
  1604 | D:3      | Identified the +3 pair of gloves of the Hecatoncheires {rC+
                  | Will+ Str-2 Stlth+}
  1664 | D:3      | Reached skill level 1 in Fighting
  1664 | D:3      | Reached skill level 1 in Short Blades
  1664 | D:3      | Reached skill level 1 in Long Blades
  1664 | D:3      | Reached skill level 1 in Axes
  1664 | D:3      | Reached skill level 1 in Maces & Flails
  1664 | D:3      | Reached skill level 1 in Polearms
  1664 | D:3      | Reached skill level 1 in Staves
  1664 | D:3      | Reached skill level 1 in Ranged Weapons
  1664 | D:3      | Reached skill level 1 in Stealth
  1664 | D:3      | Reached skill level 1 in Spellcasting
  1664 | D:3      | Reached skill level 1 in Evocations
  1751 | D:3      | Found a sparkling altar of Nemelex Xobeh.
  1853 | D:3      | Found a runed translucent door.
  1854 | D:3      | Noticed Crazy Yiuf
  2004 | D:3      | Reached skill level 1 in Shapeshifting
  2004 | D:3      | Reached XP level 4. HP: 24/32 MP: 3/5
  2266 | D:3      | Slain by Crazy Yiuf

Illustrated notes

Levels and vault maps discovered:
D:1:      giann_bridges, layout_basic, minmay_misc_feat_tower,
          minmay_misc_feat_cross, hangedman_abyss_or_decor_lesser_grid
D:2:      layout_loops_cross
D:3:      layout_rooms, mainiacjoe_overflow_catwalk, fountainhead,
          corexii_hall_statues_l, minmay_gold_behind_fungi,
          uniq_crazy_yiuf_cottage

Skill      XL: |  1  2  3 |
---------------+----------+-----
Invocations    | 1 |  1.1
Fighting       | 1 |  1.0
Short Blades   | 1 |  1.0
Long Blades    | 1 |  1.0
Axes           | 1 |  1.0
Maces & Flails | 1 |  1.0
Polearms       | 1 |  1.0
Staves         | 1 |  1.0
Ranged Weapons | 1 |  1.0
Stealth        | 1 |  1.0
Spellcasting   | 1 |  1.0
Evocations     | 1 |  1.0
Shapeshifting  | 1 |  1.0
Throwing       | |  6.6
Armour         | |  2.7
Dodging        | |  2.7
Shields        | |  8.5
Unarmed Combat | |  2.7
Conjurations   | |  0.8
Hexes          | |  0.8
Summonings     | |  0.8
Necromancy     | |  0.8
Translocations | |  0.8
Transmutations | |  0.8
Fire Magic     | |  0.8
Ice Magic      | |  0.8
Air Magic      | |  0.8
Earth Magic    | |  0.8
Poison Magic   | |  0.8

Action                     |  1- 3 |  4- 6 || total
---------------------------+-------+-------++-------
  Melee: Dagger            |    94 |    10 ||   104
         Bite              |    15 |     2 ||    17
  Throw: Dart              |    59 |     6 ||    65
    Use: Scroll            |     7 |       ||     7
 Armour: Leather armour    |    30 |     4 ||    34
  Dodge: Dodged            |    41 |     5 ||    46
  Block: Buckler           |    28 |     5 ||    33

Table legend: (Time is in decaauts)
 A = Elapsed time spent in this place.
 B = Non-inter-level travel time spent in this place.
 C = Inter-level travel time spent in this place.
 D = Time resting spent in this place.
 E = Time spent auto-exploring this place.
 F = Levels seen in this place.
 G = Mean time per level.
                   A        B        C        D        E       F      G
               +--------+--------+--------+--------+--------+-----+--------+
         Total |   2251 |   2218 |     33 |      0 |   1895 |   3 |  750.3 |
       Dungeon |   2251 |   2218 |     33 |      0 |   1895 |   3 |  750.3 |
               +--------+--------+--------+--------+--------+-----+--------+

Top non-repeatable levels by time:
     D:1: 923 daAuts
     D:3: 770 daAuts
     D:2: 557 daAuts
